 Dungeon Sprint DCSS version 0.31-a0-1-g4198be8af4 (webtiles) character file.

Game seed: 3230792012538577367

373 rocky1 the Cleaver (level 6, 0/60 HPs)
             Began as a Hill Orc Reaver on May 2, 2023.
             Was an Elder of Vehumet.
             Slain by a warg (10 damage)
             ... in the Dungeon (Sprint VII: "The Pits").
             The game lasted 00:02:30 (867 turns).

rocky1 the Cleaver (Hill Orc Reaver)                 Turns: 867, Time: 00:02:31

Health: 0/60       AC:  3    Str: 15    XL:     6   Next: 72%
Magic:  12/12      EV: 12    Int: 15    God:    Vehumet [****..]
Gold:   0          SH:  0    Dex:  9    Spells: 11/13 levels left

rFire   . . .        n - +1 hand axe (freeze)
rCold   . . .        (no shield)
rNeg    . . .        b - +0 leather armour
rPois   .            (no helmet)
rElec   .            (no cloak)
rCorr   .            (no gloves)
SInv    .            (no boots)
Will    .....        (no amulet)
Stlth   +            (no ring)
HPRegen 0.30/turn    (no ring)
MPRegen 0.13/turn

%: no teleportation
@: no status effects
A: no striking features
a: Renounce Religion


You were in the Dungeon.
You worshipped Vehumet.
Vehumet was greatly pleased with you.
You visited 1 branch

Inventory:

Hand Weapons
 a - a +0 hand axe
 l - a +2 hand axe
 n - a +1 hand axe of freezing (weapon)
Armour
 b - a +0 leather armour (worn)
 m - a +3 ring mail
Scrolls
 j - 5 scrolls of amnesia
 k - a scroll of summoning
Potions
 c - 6 potions of curing
 e - a potion of haste
 f - 4 potions of magic
 g - a potion of berserk rage
 i - a potion of invisibility


   Skills:
 + Level 7.1 Fighting
 + Level 8.7 Axes
 + Level 5.0 Dodging
 + Level 4.4 Spellcasting
 + Level 6.4 Conjurations
 + Level 5.7 Fire Magic


You had 11 spell levels left.
You knew the following spells:

 Your Spells              Type           Power      Damage    Failure   Level
a - Kiss of Death         Conj/Necr      52%        2d9       1%          1
b - Foxfire               Conj/Fire      84%        2x1d8     1%          1

Your spell library contained the following spells:

 Spells                   Type           Power      Damage    Failure   Level
 Airstrike                Air            1%         2d(1-17)  45%         4
 Momentum Strike          Conj/Tloc      26%        3d8       2%          2
 Hailstorm                Conj/Ice       13%        3d5       4%          3


Dungeon Overview and Level Annotations

Branches:
Dungeon (1/1)

Altars:
Ashenzari
Cheibriados
Dithmenos
Elyvilon
Fedhas
Gozag
Hepliaklqana
Kikubaaqudgha
Makhleb
Nemelex Xobeh
Okawaru
Qazlal
Ru
Sif Muna
Trog
Uskayaw
Vehumet
Wu Jian
Xom
Yredelemnul
Zin
The Shining One
Beogh
Jiyva
Lugonu


Message History

You barely miss the warg. The warg bites you but does no damage.
You barely miss the warg. The warg bites you!
You closely miss the warg. The warg misses you.
You slash the warg! You freeze the warg.
The warg is moderately wounded.
The warg barely misses you.
You hit the warg. You freeze the warg.
The warg is heavily wounded.
The warg closely misses you. The warg barely misses you.
You barely miss the warg.
The warg is heavily wounded.
The warg bites you!
You hit the warg. You freeze the warg.
The warg is heavily wounded.
The warg misses you.
You barely miss the warg.
The warg is heavily wounded.
The warg bites you!
You closely miss the warg.
The warg is heavily wounded.
The warg barely misses you.
You hit the warg. You freeze the warg.
The warg is severely wounded.
The warg closely misses you.
You hit the warg. You freeze the warg.
The warg is almost dead.
The warg barely misses you.
You hit the warg but do no damage.
The warg is severely wounded.
The warg bites you!
* * * LOW HITPOINT WARNING * * *
You hit the warg. You freeze the warg.
The warg is almost dead.
The warg bites you.
* * * LOW HITPOINT WARNING * * *
The warg bites you but does no damage.
You barely miss the warg.
The warg is almost dead.
The warg bites you!
You die...

#.?(.')))'.##.....
##########.##.....
#...........'.....
#'#####'#####.....
#.#..#††.'.##.....
#.#..#...#.#####'#
#.#.†#####.##.....
#.#..'..)#.##.....
#@#..†..†'.##.....
#h#..########...<.
#)#..'.).).##.....
#)#..#[))).##.....
#)###########.....
#....oo.# ######
#...#z..# #...# .#
#.##.


You could see a warg.

Vanquished Creatures
  A flying skull (D)
  An orc warrior (D)
  An ice beast (D)
  An orc wizard (D)
  A gnoll (D)
  An orc (D)
  4 hobgoblins (D)
  A kobold (D)
  A quokka (D)
  A ball python (D)
  2 bats (D)
  A frilled lizard (D)
16 creatures vanquished.

Notes
Turn   | Place    | Note
-------+----------+-------------------------------------------
     0 | D        | rocky1 the Hill Orc Reaver began the quest for the Orb.
     0 | D        | Reached XP level 1. HP: 18/18 MP: 3/3
   268 | D        | Found a bloodstained altar of Trog.
   268 | D        | Found a shimmering blue altar of Sif Muna.
   268 | D        | Found a viscous altar of Jiyva.
   268 | D        | Found a hazy altar of Hepliaklqana.
   268 | D        | Found an opulent altar of Gozag.
   269 | D        | Found a glowing golden altar of the Shining One.
   269 | D        | Found a glowing silver altar of Zin.
   269 | D        | Found a basalt altar of Yredelemnul.
   269 | D        | Found a shimmering altar of Xom.
   269 | D        | Found an ornate altar of the Wu Jian Council.
   269 | D        | Found a sacrificial altar of Ru.
   269 | D        | Found a stormy altar of Qazlal.
   269 | D        | Found an iron altar of Okawaru.
   269 | D        | Found a sparkling altar of Nemelex Xobeh.
   269 | D        | Found a burning altar of Makhleb.
   269 | D        | Found a blossoming altar of Fedhas.
   269 | D        | Found a white marble altar of Elyvilon.
   269 | D        | Found a shadowy altar of Dithmenos.
   269 | D        | Found a snail-covered altar of Cheibriados.
   272 | D        | Found a corrupted altar of Lugonu.
   272 | D        | Found a radiant altar of Vehumet.
   272 | D        | Found a roughly hewn altar of Beogh.
   273 | D        | Found an ancient bone altar of Kikubaaqudgha.
   273 | D        | Found a hide-covered altar of Uskayaw.
   273 | D        | Found a broken altar of Ashenzari.
   281 | D        | Became a worshipper of Vehumet
   328 | D        | Reached * piety under Vehumet
   328 | D        | Offered knowledge of Foxfire by Vehumet.
   333 | D        | Learned a level 1 spell: Foxfire
   338 | D        | Reached XP level 2. HP: 26/26 MP: 5/5
   339 | D        | Offered knowledge of Static Discharge by Vehumet.
   339 | D        | Reached ** piety under Vehumet
   510 | D        | Noticed an ice beast
   511 | D        | Noticed an orc warrior
   511 | D        | Noticed a flying skull
   511 | D        | Noticed a warg
   525 | D        | Killed an ice beast
   525 | D        | Offered knowledge of Scorch by Vehumet.
   525 | D        | Reached *** piety under Vehumet
   526 | D        | Reached skill level 6 in Axes
   526 | D        | Reached XP level 3. HP: 35/35 MP: 5/7
   526 | D        | Reached XP level 4. HP: 41/41 MP: 5/8
   531 | D        | Killed an orc warrior
   532 | D        | Reached skill level 5 in Fighting
   532 | D        | Reached skill level 7 in Axes
   532 | D        | Reached skill level 5 in Conjurations
   532 | D        | Reached XP level 5. HP: 47/50 MP: 5/10
   700 | D        | Offered knowledge of Airstrike by Vehumet.
   720 | D        | Killed a flying skull
   720 | D        | Reached **** piety under Vehumet
   721 | D        | Reached skill level 8 in Axes
   721 | D        | Reached skill level 5 in Dodging
   721 | D        | Reached skill level 5 in Fire Magic
   721 | D        | Reached XP level 6. HP: 27/60 MP: 10/12
   867 | D        | Slain by a warg

Illustrated notes

Levels and vault maps discovered:
D:        pitsprint [storerooms_1, entrance_room_1, metal_vault_3, armoury_2,
          mini_pit_1, grid_room_1, main_hall_1, silver_pit, the_coven_3,
          the_vestibule_1, steel_vault_4, golden_pit, hallway_of_sentries,
          crystal_vault_4, iron_vault_1, final_vault]

Skill      XL: |  1  2  3  4  5 |
---------------+----------------+-----
Fighting       | 3 4 5 7 |  7.1
Dodging        | 2 3 4 5 |  5.0
Spellcasting   | 2 3 4 |  4.4
Axes           | 6 7 8 |  8.7
Conjurations   | 4 5 6 |  6.4
Fire Magic     | 3 4 5 |  5.7

Action                     |  1- 3 |  4- 6 || total
---------------------------+-------+-------++-------
  Melee: Hand axe          |    30 |    53 ||    83
    Use: Potion            |     2 |     7 ||     9
         Scroll            |       |     1 ||     1
   Stab: Invisible         |     2 |     2 ||     4
 Armour: Leather armour    |    13 |     5 ||    18
  Dodge: Dodged            |    23 |    36 ||    59

Table legend: (Time is in decaauts)
 A = Elapsed time spent in this place.
 B = Non-inter-level travel time spent in this place.
 C = Inter-level travel time spent in this place.
 D = Time resting spent in this place.
 E = Time spent auto-exploring this place.
 F = Levels seen in this place.
 G = Mean time per level.
                   A        B        C        D        E       F      G
               +--------+--------+--------+--------+--------+-----+--------+
         Total |    881 |    860 |     21 |    616 |      0 |   1 |  881.0 |
       Dungeon |    881 |    860 |     21 |    616 |      0 |   1 |  881.0 |
               +--------+--------+--------+--------+--------+-----+--------+

Top non-repeatable levels by time:
       D: 881 daAuts
